 Dungeon Crawl Stone Soup version 0.22-a0-305-gd21a89c (webtiles) character file.

130 xccam the Chopper (level 5, 0/41 HPs)
             Began as a Formicid Fighter on Mar 31, 2018.
             Slain by xccam's ghost (12 damage)
             ... on level 3 of the Dungeon.
             The game lasted 00:02:19 (1242 turns).

xccam the Chopper (Formicid Fighter)                Turns: 1242, Time: 00:02:20

Health: 0/41       AC:  8    Str: 26    XL:     5   Next: 36%
Magic:  5/5        EV:  8    Int:  8    God:
Gold:   110        SH: 10    Dex: 10    Spells: 4/4 levels left

rFire    . . .     SeeInvis +   a - +0 war axe
rCold    . . .     Gourm    .   c - +0 shield
rNeg     . . .     Faith    .   b - +0 scale mail
rPois    .         Spirit   .   (helmet unavailable)
rElec    .         Reflect  .   (no cloak)
rCorr    .         Harm     .   h - +0 pair of gloves
MR       +....                  (no boots)
Stlth    ..........             (no amulet)
HPRegen  0.13/turn              p - ring of protection from magic
MPRegen  0.09/turn              (no ring)

@: mighty
A: permanent stasis, dig shafts and tunnels, four strong arms, antennae 3
a: Dig, Shaft Self


You were on level 3 of the Dungeon.
You were hungry.

You visited 1 branch of the dungeon, and saw 3 of its levels.

You collected 110 gold pieces.

Inventory:

Hand Weapons
 a - a +0 war axe (weapon)
Armour
 b - a +0 scale mail (worn)
 c - a +0 shield (worn)
 h - a +0 pair of gloves (worn)
Jewellery
 p - a ring of protection from magic (left hand)
Scrolls
 e - 4 scrolls of identify {unknown}
 g - 2 scrolls of remove curse {unknown}
 i - a scroll of fog {unknown}
 j - a scroll of enchant weapon {unknown}
 l - 2 scrolls of amnesia {unknown}
 m - a scroll of teleportation {unknown}
 n - a scroll of enchant armour {unknown}
Potions
 d - a potion of might
 k - a potion of lignification {unknown}
 o - a potion of brilliance {unknown}
 q - 2 potions of resistance {unknown}
Comestibles
 f - 5 rations
 r - a chunk of flesh


   Skills:
 - Level 3.2 Fighting
 + Level 5.2 Axes
 - Level 3.2 Armour
 - Level 3.6 Shields


You had 4 spell levels left.
You didn't know any spells.

Dungeon Overview and Level Annotations

Branches:
Dungeon (3/15)

Altars:
Trog

Annotations:
D:3 xccam's ghost, amateur FoFi


Innate Abilities, Weirdness & Mutations

You cannot be hasted, slowed, berserked, paralysed or teleported.
You can dig through walls and to a lower floor.
Your four strong arms can wield two-handed weapons with a shield.
You have a pair of large antennae on your head. (SInv)


Message History

You block xccam's ghost's attack. x2
Your shield and scale mail prevent you from hitting xccam's ghost.
You block xccam's ghost's attack.
You barely miss xccam's ghost. Xccam's ghost hits you!
* * * LOW HITPOINT WARNING * * *
You barely miss xccam's ghost. You block xccam's ghost's attack.
Xccam's ghost hits you but does no damage.
Your shield and scale mail prevent you from hitting xccam's ghost.
You block xccam's ghost's attack.
You closely miss xccam's ghost.
Xccam's ghost hits you but does no damage.
You hit xccam's ghost.
Xccam's ghost is lightly damaged.
Xccam's ghost hits you but does no damage.
You block xccam's ghost's attack.
You slash xccam's ghost!
Xccam's ghost is moderately damaged.
You are feeling hungry.
Xccam's ghost hits you!
You die...

#. ####.##### #........
# ......> . ......
.###. #..#.####.....
##.##...?......
##<.#.......#..
########.†>...#@##.....
#..........†###W# ..##
#..........## #g# #
#..........# #..
##.........## #..
...........# #...
..)........# #.>.
.(..##..###### .....
...<...........{


You could see xccam's ghost and a goblin.

Vanquished Creatures
  Jessica (D:3)
  5 adders
  An ooze (D:3)
  A worm (D:2)
  A dart slug (D:1)
  2 leopard geckos
  4 giant cockroaches
  6 goblins
  2 hobgoblins (D:2)
  2 jackals (D:3)
  4 bats
  3 frilled lizards
  10 kobolds
  12 rats
54 creatures vanquished.

Notes
Turn   | Place    | Note
-------+----------+-------------------------------------------
     0 | D:1      | xccam the Formicid Fighter began the quest for the Orb.
     0 | D:1      | Reached XP level 1. HP: 18/18 MP: 1/1
   126 | D:1      | Reached XP level 2. HP: 22/24 MP: 2/2
   272 | D:1      | Reached skill level 3 in Axes
   601 | D:2      | Reached XP level 3. HP: 29/29 MP: 3/3
   621 | D:2      | Noticed a moth of wrath
   624 | D:2      | Found a bloodstained altar of Trog.
   794 | D:2      | Reached skill level 4 in Axes
   794 | D:2      | Reached XP level 4. HP: 35/35 MP: 4/4
  1177 | D:3      | Noticed Jessica
  1186 | D:3      | Killed Jessica
  1186 | D:3      | Reached XP level 5. HP: 41/41 MP: 5/5
  1201 | D:3      | Reached skill level 5 in Axes
  1230 | D:3      | Noticed xccam's ghost (amateur FoFi)
  1242 | D:3      | Slain by xccam's ghost

Vault maps used:
D:1:      wheals_arrival_linesprint, kennysheep_nondescript,
          minmay_misc_feat_five
D:2:      tgw_trog
D:3:      serial_bayou_lake_a, uniq_jessica

Skill      XL: |  1  2  3  4  5 |
---------------+----------------+-----
Axes           | 3 4 5 |  5.2
Fighting       | |  3.2
Armour         | |  3.2
Shields        | |  3.6

Action                   |  1- 3 |  4- 6 || total
-------------------------+-------+-------++-------
Melee: War axe           |    90 |    74 ||   164
  Use: Potion            |       |     1 ||     1
  Eat: Chunk             |       |     1 ||     1
Armor: Scale mail        |    53 |    35 ||    88
Dodge: Dodged            |    40 |    26 ||    66
Block: Shield            |    80 |    31 ||   111

Table legend:
 A = Spawn XP
 B = Non-spawn XP
 C = Spawn XP percentage of total XP
 D = Spawn monster count
 E = Non-spawn monster count
 F = Spawn count percentage of total count
 G = Total turns spent on level
                    A         B        C        D         E        F      G
               +---------+---------+-------+---------+---------+-------+---------
         Total |       0 |     187 |   0.0 |       0 |      54 |   0.0 |  1242
               +---------+---------+-------+---------+---------+-------+---------
           D:1 |       0 |      23 |   0.0 |       0 |      16 |   0.0 |   598
           D:2 |       0 |      94 |   0.0 |       0 |      28 |   0.0 |   579
           D:3 |       0 |      70 |   0.0 |       0 |      10 |   0.0 |    65
               +---------+---------+-------+---------+---------+-------+---------
